Chicoutimi Sagueneens vs Grand Rapids Griffins

Created - 13 octobre 2017 at 15:52

Goals
1 2 3 T
Chicoutimi Sagueneens 0 2 1 3
Grand Rapids Griffins 3 0 2 5
Shots
1 2 3 T
Chicoutimi Sagueneens 11 12 13 36
Grand Rapids Griffins 15 10 16 41

1st period

1. Grand Rapids Griffins , Kyle Rau 1 (Markus Hannikainen 1, Slater Koekkoek 1) at 15:17
2. Grand Rapids Griffins , Nikita Scherbak 1 (Markus Hannikainen 2, Slater Koekkoek 2) at 15:54
3. Grand Rapids Griffins , Christian Djoos 1 (Noel Acciari 2, Slater Koekkoek 3) at 19:50 (PP)

Penalties :
Miikka Salomaki (SAG) for Hooking (Minor) at 19:38

2nd period

4. Chicoutimi Sagueneens , Stanislav Galiev 2 (Chris Summers 2, Ville Husso) at 9:03
5. Chicoutimi Sagueneens , Scott Wilson 2 (Laurent Dauphin 2, Derrick Pouliot 3) at 14:41 (PP)

Penalties :
Eric Cornel (GRF) for High sticking (Minor) at 3:03, Chris Summers (SAG) for Unsportsmanlike conduct (Minor) at 6:51, Christian Djoos (GRF) for Holding (Minor) at 13:18

3rd period

6. Grand Rapids Griffins , Jesse Puljujarvi 1 (Noel Acciari 3) at 2:43
7. Grand Rapids Griffins , Christian Djoos 2 (Slater Koekkoek 4, Jesse Puljujarvi 2) at 6:57 (PP)
8. Chicoutimi Sagueneens , Rocco Grimaldi 2 (Alex Lintuniemi 1, Jacob De La Rose 1) at 17:49

Penalties :
Miikka Salomaki (SAG) for Hooking (Minor) at 6:19, Miikka Salomaki (SAG) for Boarding (Minor) at 14:59, Stanislav Galiev (SAG) for Tripping (Minor) at 19:33

Goalie Stats

Ville Husso (SAG), 36 saves from 41 shots - (0,878), L, 1-2-0, 60:00 minutes
Mackenzie Blackwood (GRF), 33 saves from 36 shots - (0,917), W, 2-1-0, 60:00 minutes

Players Stats for Chicoutimi Sagueneens

Player Name              G  A  P  +/- PIM S  H  SB GA TA FO     MP     PP MP  PK MP  
------------------------------------------------------------------------------------
Alex Lintuniemi          0  1  1   0  0   0  0  1  0  0  0/0    11:39   0:00   0:51 
Chris Summers            0  1  1  -1  2   0  1  1  0  1  0/0    19:41   1:14   1:53 
Derrick Pouliot          0  1  1   0  0   0  1  3  0  0  0/0    19:55   1:14   2:54 
Gabriel Bourque          0  0  0  -3  0   2  1  0  0  0  0/0    15:40   1:20   0:00 
Iiro Pakarinen           0  0  0   1  0   4  2  2  2  1  0/0    21:05   2:02   0:57 
Jacob De La Rose         0  1  1   1  0   3  4  0  0  0  28/45  23:38   2:02   3:16 
Jamie Oleksiak           0  0  0  -1  0   2  2  4  1  0  0/0    28:11   2:08   2:20 
Jean Dupuy               0  0  0   0  0   0  0  0  1  0  0/0     7:53   0:00   0:00 
Laurent Dauphin          0  1  1  -3  0   1  2  0  1  0  7/16   18:52   1:20   3:12 
Matt Bartkowski          0  0  0  -1  0   1  1  0  1  1  0/0    28:11   2:08   2:20 
Matt White               0  0  0   1  0   4  4  0  0  0  2/4    10:48   0:00   0:00 
Maxime Fortunus          0  0  0   1  0   0  0  0  0  1  0/0    12:03   0:00   0:10 
Miikka Salomaki          0  0  0   1  6   0  0  0  1  1  0/1    10:53   0:00   0:00 
Mike Brown               0  0  0   0  0   0  1  0  0  0  1/1     7:53   0:00   0:00 
Rocco Grimaldi           1  0  1   1  0   10 0  0  1  0  0/0    21:05   2:02   0:57 
Scott Wilson             1  0  1  -3  0   2  3  0  1  0  1/1    15:40   1:20   0:00 
Stanislav Galiev         1  0  1   1  2   3  0  0  1  1  0/0    11:59   0:00   0:55 
Zach Sill                0  0  0   0  0   4  1  1  0  0  1/2     9:35   0:00   1:11 

Players Stats for Grand Rapids Griffins

Player Name              G  A  P  +/- PIM S  H  SB GA TA FO     MP     PP MP  PK MP  
------------------------------------------------------------------------------------
Andrew O'Brien           0  0  0  -2  0   1  2  0  0  2  0/0    13:27   0:00   0:00 
Christian Djoos          2  0  2   3  2   3  0  2  1  1  0/0    26:12   3:52   0:58 
Daniel Carr              0  0  0  -1  0   1  3  0  0  0  0/0    12:51   0:00   0:52 
Eric Cornel              0  0  0  -1  2   0  2  0  0  0  1/3    12:01   0:00   0:00 
Jake DeBrusk             0  0  0   0  0   1  2  1  0  1  5/8    26:48   3:12   2:08 
Jesse Puljujarvi         1  1  2   1  0   5  2  2  0  0  1/1    20:54   3:18   0:52 
Justin Holl              0  0  0   0  0   1  0  1  1  0  0/0    18:57   1:22   1:01 
Kyle Rau                 1  0  1   2  0   5  1  1  0  1  10/18  17:15   1:48   0:00 
Mackenzie MacEachern     0  0  0   0  0   0  0  0  0  0  0/0     0:53   0:08   0:21 
Marcus Sorensen          0  0  0  -1  0   4  1  0  0  1  0/0    12:56   0:08   0:25 
Mario Lucia              0  0  0  -1  0   0  1  0  0  0  1/1     6:47   0:00   0:00 
Markus Hannikainen       0  2  2   2  0   9  3  0  1  1  0/1    19:01   1:48   2:06 
Max Gortz                0  0  0   0  0   0  0  0  0  0  1/1     3:07   0:14   0:00 
Nikita Scherbak          1  0  1   2  0   4  3  1  1  1  0/0    17:15   1:48   0:00 
Noel Acciari             0  2  2   1  0   3  2  1  1  0  11/37  20:02   3:18   0:00 
Reece Willcox            0  0  0  -2  0   0  1  2  0  0  0/0    14:04   0:00   0:37 
Scott Harrington         0  0  0   0  0   2  0  0  1  1  0/0    19:50   1:22   1:54 
Slater Koekkoek          0  4  4   3  0   1  1  1  0  1  0/0    27:29   3:52   2:14 
Tomas Jurco              0  0  0  -1  0   1  0  0  0  0  0/0     6:47   0:00   0:00 

3 Stars

1 - Slater Koekkoek (GRF)
2 - Christian Djoos (GRF)
3 - Jesse Puljujarvi (GRF)

Power Play

Chicoutimi Sagueneens - 1 on 2 Attempt(s) - 50,00%
Grand Rapids Griffins - 2 on 5 Attempt(s) - 40,00%

Penalty Kill

Chicoutimi Sagueneens - 3 on 5 Attempt(s) - 60,00% - Score 0 goal in Penalty Kill
Grand Rapids Griffins - 1 on 2 Attempt(s) - 50,00% - Score 0 goal in Penalty Kill

Team Stat

Chicoutimi Sagueneens - Hits : 23 - Faceoff Wins : 40 - Blocked Shots : 12 - Penalty Minutes : 10
Grand Rapids Griffins - Hits : 24 - Faceoff Wins : 30 - Blocked Shots : 12 - Penalty Minutes : 4

Official

Referees : Chris Lee and Jacob Brenk
Linesman : Shane Heyer and Mark Shewchyk

Game Notes

17:49 of 3rd period - Chicoutimi Sagueneens goal is going for a video replay. After video review, Goal.

Finance

Level 1 -- Attendance: 1428 (71,40%) -- Ticket Income 49 980 $
Level 2 -- Attendance: 820 (82,00%) -- Ticket Income 12 300 $
Total Attendance: 2248 (74,93%)
Total Ticket Income: 62 280 $
Other Income: 30 517 $
Total Income: 92 797 $

Chicoutimi Sagueneens

5 vs 5 Forward 
   Center                   Left Wing                Right Wing               Time % Phy DF OF 
 1 Jacob De La Rose         Iiro Pakarinen           Rocco Grimaldi           40     1   2  2  
 2 Laurent Dauphin          Scott Wilson             Gabriel Bourque          30     1   2  2  
 3 Matt White               Stanislav Galiev         Miikka Salomaki          20     1   2  2  
 4 Zach Sill                Jean Dupuy               Mike Brown               10     1   2  2  

5 vs 5 Defense 
   Defense                  Defense                                           Time % Phy DF OF 
 1 Jamie Oleksiak           Matt Bartkowski                                   40     1   2  2  
 2 Derrick Pouliot          Chris Summers                                     30     1   2  2  
 3 Maxime Fortunus          Alex Lintuniemi                                   20     1   2  2  
 4 Jamie Oleksiak           Matt Bartkowski                                   10     1   2  2  

PowerPlay Forward 
   Center                   Left Wing                Right Wing               Time % Phy DF OF 
 1 Jacob De La Rose         Iiro Pakarinen           Rocco Grimaldi           60     1   2  2  
 2 Laurent Dauphin          Scott Wilson             Gabriel Bourque          40     1   2  2  

PowerPlay Defense
   Defense                  Defense                                           Time % Phy DF OF 
 1 Jamie Oleksiak           Matt Bartkowski                                   60     1   2  2  
 2 Derrick Pouliot          Chris Summers                                     40     1   2  2  

Penalty Kill 4 Players Forward 
   Center                   Wing                     Time % Phy DF OF 
 1 Jacob De La Rose         Laurent Dauphin          60     1   2  2  
 2 Iiro Pakarinen           Rocco Grimaldi           40     1   2  2  

Penalty Kill 4 Players Defense
   Defense                  Defense                  Time % Phy DF OF 
 1 Jamie Oleksiak           Matt Bartkowski          60     1   2  2  
 2 Derrick Pouliot          Chris Summers            40     1   2  2  

Penalty Kill - 3 Players Forward 
   Forward                                           Time % Phy DF OF 
 1 Jacob De La Rose                                  60     1   2  2  
 2 Laurent Dauphin                                   40     1   2  2  

Penalty Kill - 3 Players Defense
   Defense                  Defense                  Time % Phy DF OF 
 1 Jamie Oleksiak           Matt Bartkowski          60     1   2  2  
 2 Derrick Pouliot          Chris Summers            40     1   2  2  

4 vs 4 Forward 
   Center                   Wing                     Time % Phy DF OF 
 1 Jacob De La Rose         Laurent Dauphin          60     1   2  2  
 2 Iiro Pakarinen           Rocco Grimaldi           40     1   2  2  

4 vs 4 Defense
   Defense                  Defense                  Time % Phy DF OF 
 1 Jamie Oleksiak           Matt Bartkowski          60     1   2  2  
 2 Derrick Pouliot          Chris Summers            40     1   2  2  

Last Minutes Offensive
   Center                   Left Wing                Right Wing               Defense                  Defense                  
   Jacob De La Rose         Iiro Pakarinen           Rocco Grimaldi           Jamie Oleksiak           Matt Bartkowski          

Last Minutes Defensive
   Center                   Left Wing                Right Wing               Defense                  Defense                  
   Jacob De La Rose         Iiro Pakarinen           Rocco Grimaldi           Jamie Oleksiak           Matt Bartkowski          

Goaltenders
Starting : Ville Husso              
Backup : Anthony Stolarz          

Extra Forwards
Normal : Stanislav Galiev, Matt White, Zach Sill - PP : Stanislav Galiev, Matt White - PK : Zach Sill
Extra Defensemen
Normal : Maxime Fortunus, Alex Lintuniemi, Derrick Pouliot - PP : Maxime Fortunus - PK : Alex Lintuniemi, Derrick Pouliot
Penalty Shots
Jacob De La Rose, Laurent Dauphin, Iiro Pakarinen, Rocco Grimaldi, Scott Wilson

Scratches
Justin Kea (Healthy), Ludwig Bystrom (Healthy), Clark Bishop (Healthy), Chris McCarthy (Healthy), Braden Christoffer (Healthy)

Grand Rapids Griffins

5 vs 5 Forward 
   Center                   Left Wing                Right Wing               Time % Phy DF OF 
 1 Noel Acciari             Jake DeBrusk             Jesse Puljujarvi         40     1   2  2  
 2 Kyle Rau                 Markus Hannikainen       Nikita Scherbak          30     1   2  2  
 3 Eric Cornel              Daniel Carr              Marcus Sorensen          20     1   2  2  
 4 Jake DeBrusk             Tomas Jurco              Mario Lucia              10     1   2  2  

5 vs 5 Defense 
   Defense                  Defense                                           Time % Phy DF OF 
 1 Slater Koekkoek          Christian Djoos                                   40     1   2  2  
 2 Scott Harrington         Justin Holl                                       30     1   2  2  
 3 Andrew O'Brien           Reece Willcox                                     20     1   2  2  
 4 Slater Koekkoek          Christian Djoos                                   10     1   2  2  

PowerPlay Forward 
   Center                   Left Wing                Right Wing               Time % Phy DF OF 
 1 Noel Acciari             Jake DeBrusk             Jesse Puljujarvi         60     1   2  2  
 2 Kyle Rau                 Markus Hannikainen       Nikita Scherbak          40     1   2  2  

PowerPlay Defense
   Defense                  Defense                                           Time % Phy DF OF 
 1 Slater Koekkoek          Christian Djoos                                   60     1   2  2  
 2 Scott Harrington         Justin Holl                                       40     1   2  2  

Penalty Kill 4 Players Forward 
   Center                   Wing                     Time % Phy DF OF 
 1 Jake DeBrusk             Markus Hannikainen       60     1   2  2  
 2 Daniel Carr              Jesse Puljujarvi         40     1   2  2  

Penalty Kill 4 Players Defense
   Defense                  Defense                  Time % Phy DF OF 
 1 Slater Koekkoek          Christian Djoos          60     1   2  2  
 2 Scott Harrington         Justin Holl              40     1   2  2  

Penalty Kill - 3 Players Forward 
   Forward                                           Time % Phy DF OF 
 1 Jake DeBrusk                                      60     1   2  2  
 2 Markus Hannikainen                                40     1   2  2  

Penalty Kill - 3 Players Defense
   Defense                  Defense                  Time % Phy DF OF 
 1 Slater Koekkoek          Christian Djoos          60     1   2  2  
 2 Scott Harrington         Justin Holl              40     1   2  2  

4 vs 4 Forward 
   Center                   Wing                     Time % Phy DF OF 
 1 Jake DeBrusk             Markus Hannikainen       60     1   2  2  
 2 Daniel Carr              Jesse Puljujarvi         40     1   2  2  

4 vs 4 Defense
   Defense                  Defense                  Time % Phy DF OF 
 1 Slater Koekkoek          Christian Djoos          60     1   2  2  
 2 Scott Harrington         Justin Holl              40     1   2  2  

Last Minutes Offensive
   Center                   Left Wing                Right Wing               Defense                  Defense                  
   Noel Acciari             Jake DeBrusk             Jesse Puljujarvi         Slater Koekkoek          Christian Djoos          

Last Minutes Defensive
   Center                   Left Wing                Right Wing               Defense                  Defense                  
   Noel Acciari             Jake DeBrusk             Jesse Puljujarvi         Slater Koekkoek          Christian Djoos          

Goaltenders
Starting : Mackenzie Blackwood      
Backup : Scott Wedgewood          

Extra Forwards
Normal : Max Gortz, Mackenzie MacEachern, Marcus Sorensen - PP : Max Gortz, Mackenzie MacEachern - PK : Marcus Sorensen
Extra Defensemen
Normal : Andrew O'Brien, Reece Willcox, Scott Harrington - PP : Andrew O'Brien - PK : Reece Willcox, Scott Harrington
Penalty Shots
Jake DeBrusk, Markus Hannikainen, Daniel Carr, Jesse Puljujarvi, Noel Acciari

Scratches
Tony Cameranesi (Healthy), Ross Johnston (Healthy)

% Time on Ice - Chicoutimi Sagueneens

Lines # - Real PCT - Wanted PCT - Time Play
Normal Forward
1 - 36% - 40% - 18:23
2 - 28% - 30% - 14:20
3 - 21% - 20% - 10:48
4 - 15% - 10% - 7:53
Normal Defense
1 - 41% - 40% - 21:13
2 - 31% - 30% - 15:47
3 - 21% - 20% - 10:48
4 - 7% - 10% - 3:36
PP Forward
1 - 60% - 60% - 2:02
2 - 40% - 40% - 1:20
PP Defense
1 - 63% - 60% - 2:08
2 - 37% - 40% - 1:14
PK Forward
1 - 82% - 60% - 4:17
2 - 18% - 40% - 0:57
PK Defense
1 - 45% - 60% - 2:20
2 - 55% - 40% - 2:54
PK3 Forward
1 - 0% - 60%
2 - 0% - 40%
PK3 Defense
1 - 0% - 60%
2 - 0% - 40%
44 Forward
1 - 0% - 60%
2 - 0% - 40%
44 Defense
1 - 0% - 60%
2 - 0% - 40%
Last Minute Offensive  - 0:00
Last Minute Defensive  - 0:00
Total
Forward - 60:00
Defense - 60:00

% Time on Ice - Grand Rapids Griffins

Lines # - Real PCT - Wanted PCT - Time Play
Normal Forward
1 - 33% - 40% - 17:11
2 - 30% - 30% - 15:27
3 - 23% - 20% - 11:59
4 - 13% - 10% - 6:47
Normal Defense
1 - 37% - 40% - 19:11
2 - 32% - 30% - 16:34
3 - 26% - 20% - 13:27
4 - 4% - 10% - 2:12
PP Forward
1 - 66% - 60% - 3:26
2 - 34% - 40% - 1:48
PP Defense
1 - 74% - 60% - 3:52
2 - 26% - 40% - 1:22
PK Forward
1 - 74% - 60% - 2:30
2 - 26% - 40% - 0:52
PK Defense
1 - 70% - 60% - 2:21
2 - 30% - 40% - 1:01
PK3 Forward
1 - 0% - 60%
2 - 0% - 40%
PK3 Defense
1 - 0% - 60%
2 - 0% - 40%
44 Forward
1 - 0% - 60%
2 - 0% - 40%
44 Defense
1 - 0% - 60%
2 - 0% - 40%
Last Minute Offensive  - 0:00
Last Minute Defensive  - 0:00
Total
Forward - 60:00
Defense - 60:00

Play by Play

1st period


0:01 of 1st period - Jacob De La Rose wins face-off versus Noel Acciari in neutral zone.
0:14 of 1st period - Snap shot by Noel Acciari.
0:14 of 1st period - Shot Blocked by Jamie Oleksiak.
0:26 of 1st period - Scott Wilson is hit by Markus Hannikainen and loses puck.
1:13 of 1st period - Off-side.
1:14 of 1st period - Zach Sill wins face-off versus Jake DeBrusk in neutral zone.
1:40 of 1st period - Markus Hannikainen is hit by Jacob De La Rose and loses puck.
2:06 of 1st period - Off-side.
2:07 of 1st period - Kyle Rau wins face-off versus Jacob De La Rose in neutral zone.
3:01 of 1st period - Christian Djoos is hit by Scott Wilson and loses puck.
3:11 of 1st period - Icing by Gabriel Bourque.
3:12 of 1st period - Mario Lucia wins face-off versus Laurent Dauphin in Chicoutimi Sagueneens zone.
3:21 of 1st period - Snap shot by Noel Acciari.
3:21 of 1st period - Deflect By Jesse Puljujarvi.
3:21 of 1st period - Shot Misses the Net.
3:21 of 1st period - Puck is out of play.
3:22 of 1st period - Jacob De La Rose wins face-off versus Noel Acciari in Chicoutimi Sagueneens zone.
3:37 of 1st period - Wrist shot by Jesse Puljujarvi.
3:37 of 1st period - Shot Misses the Net.
3:39 of 1st period - Wrist shot by Jesse Puljujarvi.
3:39 of 1st period - Stopped by Ville Husso without a rebound.
3:40 of 1st period - Matt White wins face-off versus Kyle Rau in Chicoutimi Sagueneens zone.
4:28 of 1st period - Gabriel Bourque is hit by Eric Cornel and loses puck.
5:06 of 1st period - Chris Summers is hit by Mario Lucia and loses puck.
5:33 of 1st period - Snap shot by Iiro Pakarinen.
5:33 of 1st period - Stopped by Mackenzie Blackwood without a rebound.
5:34 of 1st period - Jacob De La Rose wins face-off versus Jake DeBrusk in Grand Rapids Griffins zone.
6:05 of 1st period - Snap shot by Daniel Carr.
6:05 of 1st period - Deflect By Marcus Sorensen.
6:05 of 1st period - Stopped by Ville Husso with a rebound.
6:07 of 1st period - Snap shot by Scott Harrington.
6:07 of 1st period - Shot Blocked by Alex Lintuniemi.
6:09 of 1st period - Slapshot by Scott Harrington.
6:09 of 1st period - Stopped by Ville Husso with a rebound.
8:37 of 1st period - Slapshot by Zach Sill.
8:37 of 1st period - Stopped by Mackenzie Blackwood with a rebound.
9:21 of 1st period - Mario Lucia is hit by Derrick Pouliot and loses puck.
10:01 of 1st period - Alex Lintuniemi is hit by Nikita Scherbak and loses puck.
10:57 of 1st period - Iiro Pakarinen is hit by Jesse Puljujarvi.
11:21 of 1st period - Miikka Salomaki is hit by Andrew O'Brien and loses puck.
11:41 of 1st period - Markus Hannikainen is hit by Scott Wilson and loses puck.
12:50 of 1st period - Laurent Dauphin is hit by Andrew O'Brien and loses puck.
13:38 of 1st period - Scott Harrington is hit by Matt Bartkowski and loses puck.
13:53 of 1st period - Slapshot by Mario Lucia.
13:53 of 1st period - Shot Misses the Net.
14:11 of 1st period - Snap shot by Zach Sill.
14:11 of 1st period - Shot Misses the Net.
14:13 of 1st period - Slapshot by Jamie Oleksiak.
14:13 of 1st period - Deflect By Reece Willcox.
14:13 of 1st period - Stopped by Mackenzie Blackwood with a rebound.
14:24 of 1st period - Snap shot by Zach Sill.
14:24 of 1st period - Shot Misses the Net.
14:26 of 1st period - Wrist shot by Jamie Oleksiak.
14:26 of 1st period - Deflect By Zach Sill.
14:26 of 1st period - Stopped by Mackenzie Blackwood with a rebound.
14:28 of 1st period - Snap shot by Zach Sill.
14:28 of 1st period - Shot Misses the Net.
14:30 of 1st period - Slapshot by Jamie Oleksiak.
14:30 of 1st period - Stopped by Mackenzie Blackwood without a rebound.
14:31 of 1st period - Jake DeBrusk wins face-off versus Jacob De La Rose in Grand Rapids Griffins zone.
14:39 of 1st period - Icing by Rocco Grimaldi.
14:40 of 1st period - Jacob De La Rose wins face-off versus Noel Acciari in Chicoutimi Sagueneens zone.
14:40 of 1st period - Jacob De La Rose is hit by Jesse Puljujarvi.
15:01 of 1st period - Wrist shot by Jacob De La Rose.
15:01 of 1st period - Stopped by Mackenzie Blackwood without a rebound.
15:02 of 1st period - Laurent Dauphin wins face-off versus Kyle Rau in Grand Rapids Griffins zone.
15:09 of 1st period - Wrist shot by Nikita Scherbak.
15:09 of 1st period - Deflect By Markus Hannikainen.
15:09 of 1st period - Stopped by Ville Husso without a rebound.
15:10 of 1st period - Kyle Rau wins face-off versus Laurent Dauphin in Chicoutimi Sagueneens zone.
15:11 of 1st period - Snap shot by Markus Hannikainen.
15:11 of 1st period - Shot Misses the Net.
15:15 of 1st period - Slapshot by Markus Hannikainen.
15:15 of 1st period - Stopped by Ville Husso with a rebound.
15:17 of 1st period - Wrist shot by Kyle Rau.
15:17 of 1st period - Goal by Kyle Rau - Chicoutimi Sagueneens : 0 - Grand Rapids Griffins : 1.
15:18 of 1st period - Jacob De La Rose wins face-off versus Noel Acciari in neutral zone.
15:23 of 1st period - Wrist shot by Iiro Pakarinen.
15:23 of 1st period - Shot Blocked by Slater Koekkoek.
15:25 of 1st period - Snap shot by Jamie Oleksiak.
15:25 of 1st period - Shot Misses the Net.
15:27 of 1st period - Slapshot by Jamie Oleksiak.
15:27 of 1st period - Shot Blocked by Noel Acciari.
15:29 of 1st period - Wrist shot by Rocco Grimaldi.
15:29 of 1st period - Shot Blocked by Jake DeBrusk.
15:48 of 1st period - Wrist shot by Markus Hannikainen.
15:48 of 1st period - Shot Misses the Net.
15:50 of 1st period - Snap shot by Markus Hannikainen.
15:50 of 1st period - Stopped by Ville Husso with a rebound.
15:52 of 1st period - Snap shot by Nikita Scherbak.
15:52 of 1st period - Stopped by Ville Husso with a rebound.
15:54 of 1st period - Snap shot by Nikita Scherbak.
15:54 of 1st period - Goal by Nikita Scherbak - Chicoutimi Sagueneens : 0 - Grand Rapids Griffins : 2.
15:55 of 1st period - Jacob De La Rose wins face-off versus Noel Acciari in neutral zone.
15:58 of 1st period - Jesse Puljujarvi is hit by Jacob De La Rose and loses puck.
16:21 of 1st period - Jamie Oleksiak is hit by Markus Hannikainen and loses puck.
16:30 of 1st period - Snap shot by Markus Hannikainen.
16:30 of 1st period - Stopped by Ville Husso with a rebound.
16:32 of 1st period - Snap shot by Kyle Rau.
16:32 of 1st period - Stopped by Ville Husso with a rebound.
17:07 of 1st period - Reece Willcox is hit by Iiro Pakarinen and loses puck.
18:04 of 1st period - Slapshot by Matt White.
18:04 of 1st period - Stopped by Mackenzie Blackwood with a rebound.
18:06 of 1st period - Wrist shot by Matt White.
18:06 of 1st period - Stopped by Mackenzie Blackwood without a rebound.
18:07 of 1st period - Jacob De La Rose wins face-off versus Kyle Rau in Grand Rapids Griffins zone.
18:08 of 1st period - Wrist shot by Iiro Pakarinen.
18:08 of 1st period - Stopped by Mackenzie Blackwood without a rebound.
18:09 of 1st period - Jacob De La Rose wins face-off versus Kyle Rau in Grand Rapids Griffins zone.
18:22 of 1st period - Snap shot by Iiro Pakarinen.
18:22 of 1st period - Stopped by Mackenzie Blackwood without a rebound.
18:23 of 1st period - Jacob De La Rose wins face-off versus Noel Acciari in Grand Rapids Griffins zone.
18:24 of 1st period - Backhand shot by Rocco Grimaldi.
18:24 of 1st period - Stopped by Mackenzie Blackwood without a rebound.
18:25 of 1st period - Jacob De La Rose wins face-off versus Noel Acciari in Grand Rapids Griffins zone.
18:29 of 1st period - Icing by Jake DeBrusk.
18:30 of 1st period - Jacob De La Rose wins face-off versus Noel Acciari in Grand Rapids Griffins zone.
18:59 of 1st period - Slapshot by Markus Hannikainen.
18:59 of 1st period - Shot Blocked by Jamie Oleksiak.
19:01 of 1st period - Wrist shot by Christian Djoos.
19:01 of 1st period - Shot Blocked by Jamie Oleksiak.
19:03 of 1st period - Snap shot by Nikita Scherbak.
19:03 of 1st period - Shot Misses the Net.
19:05 of 1st period - Snap shot by Markus Hannikainen.
19:05 of 1st period - Stopped by Ville Husso with a rebound.
19:38 of 1st period - Minor Penalty to Miikka Salomaki for Hooking.
19:39 of 1st period - Noel Acciari wins face-off versus Jacob De La Rose in Chicoutimi Sagueneens zone.
19:42 of 1st period - Slapshot by Jake DeBrusk.
19:42 of 1st period - Stopped by Ville Husso with a rebound.
19:44 of 1st period - Slapshot by Christian Djoos.
19:44 of 1st period - Shot Misses the Net.
19:46 of 1st period - Slapshot by Slater Koekkoek.
19:46 of 1st period - Shot Misses the Net.
19:48 of 1st period - Snap shot by Noel Acciari.
19:48 of 1st period - Stopped by Ville Husso with a rebound.
19:50 of 1st period - Wrist shot by Christian Djoos.
19:50 of 1st period - Goal by Christian Djoos - Chicoutimi Sagueneens : 0 - Grand Rapids Griffins : 3.
19:51 of 1st period - Jacob De La Rose wins face-off versus Noel Acciari in neutral zone.
Goals for this period are 0 for Chicoutimi Sagueneens vs 3 for Grand Rapids Griffins.
Shots for this period are 11 for Chicoutimi Sagueneens vs 15 for Grand Rapids Griffins.

2nd period


0:01 of 2nd period - Jacob De La Rose wins face-off versus Noel Acciari in neutral zone.
0:13 of 2nd period - Off-side.
0:14 of 2nd period - Laurent Dauphin wins face-off versus Noel Acciari in neutral zone.
0:39 of 2nd period - Matt Bartkowski is hit by Nikita Scherbak and loses puck.
0:46 of 2nd period - Snap shot by Markus Hannikainen.
0:46 of 2nd period - Stopped by Ville Husso with a rebound.
0:48 of 2nd period - Slapshot by Scott Harrington.
0:48 of 2nd period - Stopped by Ville Husso without a rebound.
0:49 of 2nd period - Kyle Rau wins face-off versus Laurent Dauphin in Chicoutimi Sagueneens zone.
2:05 of 2nd period - Matt Bartkowski is hit by Nikita Scherbak and loses puck.
2:46 of 2nd period - Wrist shot by Rocco Grimaldi.
2:46 of 2nd period - Stopped by Mackenzie Blackwood with a rebound.
2:52 of 2nd period - Wrist shot by Nikita Scherbak.
2:52 of 2nd period - Shot Blocked by Iiro Pakarinen.
2:54 of 2nd period - Snap shot by Slater Koekkoek.
2:54 of 2nd period - Shot Misses the Net.
3:03 of 2nd period - Minor Penalty to Eric Cornel for High sticking.
3:04 of 2nd period - Jake DeBrusk wins face-off versus Jacob De La Rose in Grand Rapids Griffins zone.
4:46 of 2nd period - Matt Bartkowski is hit by Daniel Carr and loses puck.
5:03 of 2nd period - Penalty to Eric Cornel is over, Eric Cornel is back on ice.
5:43 of 2nd period - Alex Lintuniemi is hit by Noel Acciari and loses puck.
6:51 of 2nd period - Minor Penalty to Chris Summers for Unsportsmanlike conduct.
6:52 of 2nd period - Jacob De La Rose wins face-off versus Noel Acciari in Chicoutimi Sagueneens zone.
7:01 of 2nd period - Wrist shot by Noel Acciari.
7:01 of 2nd period - Stopped by Ville Husso without a rebound.
7:02 of 2nd period - Jacob De La Rose wins face-off versus Noel Acciari in Chicoutimi Sagueneens zone.
7:13 of 2nd period - Snap shot by Noel Acciari.
7:13 of 2nd period - Shot Misses the Net.
7:15 of 2nd period - Slapshot by Christian Djoos.
7:15 of 2nd period - Stopped by Ville Husso with a rebound.
8:01 of 2nd period - Iiro Pakarinen is hit by Jake DeBrusk and loses puck.
8:51 of 2nd period - Penalty to Chris Summers is over, Chris Summers is back on ice.
9:03 of 2nd period - Snap shot by Stanislav Galiev.
9:03 of 2nd period - Goal by Stanislav Galiev - Chicoutimi Sagueneens : 1 - Grand Rapids Griffins : 3.
9:04 of 2nd period - Jacob De La Rose wins face-off versus Eric Cornel in neutral zone.
9:07 of 2nd period - Justin Holl is hit by Jamie Oleksiak and loses puck.
9:12 of 2nd period - Snap shot by Rocco Grimaldi.
9:12 of 2nd period - Stopped by Mackenzie Blackwood with a rebound.
9:53 of 2nd period - Snap shot by Markus Hannikainen.
9:53 of 2nd period - Stopped by Ville Husso without a rebound.
9:54 of 2nd period - Mike Brown wins face-off versus Kyle Rau in Chicoutimi Sagueneens zone.
10:20 of 2nd period - Maxime Fortunus is hit by Slater Koekkoek and loses puck.
10:29 of 2nd period - Slapshot by Zach Sill.
10:29 of 2nd period - Shot Misses the Net.
10:43 of 2nd period - Snap shot by Noel Acciari.
10:43 of 2nd period - Shot Misses the Net.
11:03 of 2nd period - Slapshot by Iiro Pakarinen.
11:03 of 2nd period - Deflect By Markus Hannikainen.
11:03 of 2nd period - Shot Blocked by Kyle Rau.
11:03 of 2nd period - Puck is out of play.
11:04 of 2nd period - Jacob De La Rose wins face-off versus Kyle Rau in Grand Rapids Griffins zone.
11:33 of 2nd period - Gabriel Bourque is hit by Noel Acciari and loses puck.
12:33 of 2nd period - Jake DeBrusk is hit by Matt White and loses puck.
13:02 of 2nd period - Snap shot by Zach Sill.
13:02 of 2nd period - Stopped by Mackenzie Blackwood without a rebound.
13:03 of 2nd period - Noel Acciari wins face-off versus Zach Sill in Grand Rapids Griffins zone.
13:03 of 2nd period - Noel Acciari is hit by Zach Sill.
13:18 of 2nd period - Minor Penalty to Christian Djoos for Holding.
13:19 of 2nd period - Jake DeBrusk wins face-off versus Jacob De La Rose in Grand Rapids Griffins zone.
13:29 of 2nd period - Wrist shot by Rocco Grimaldi.
13:29 of 2nd period - Shot Misses the Net.
13:31 of 2nd period - Snap shot by Jamie Oleksiak.
13:31 of 2nd period - Deflect By Jacob De La Rose.
13:31 of 2nd period - Shot Misses the Net.
13:31 of 2nd period - Puck is out of play.
13:32 of 2nd period - Jake DeBrusk wins face-off versus Jacob De La Rose in Grand Rapids Griffins zone.
14:01 of 2nd period - Icing by Gabriel Bourque.
14:02 of 2nd period - Jake DeBrusk wins face-off versus Laurent Dauphin in Chicoutimi Sagueneens zone.
14:21 of 2nd period - Snap shot by Rocco Grimaldi.
14:21 of 2nd period - Stopped by Mackenzie Blackwood with a rebound.
14:41 of 2nd period - Wrist shot by Scott Wilson.
14:41 of 2nd period - Goal by Scott Wilson - Chicoutimi Sagueneens : 2 - Grand Rapids Griffins : 3.
14:42 of 2nd period - Jacob De La Rose wins face-off versus Noel Acciari in neutral zone.
14:45 of 2nd period - Snap shot by Rocco Grimaldi.
14:45 of 2nd period - Stopped by Mackenzie Blackwood with a rebound.
15:17 of 2nd period - Off-side.
15:18 of 2nd period - Kyle Rau wins face-off versus Jacob De La Rose in neutral zone.
15:33 of 2nd period - Wrist shot by Rocco Grimaldi.
15:33 of 2nd period - Shot Misses the Net.
15:45 of 2nd period - Slapshot by Laurent Dauphin.
15:45 of 2nd period - Shot Blocked by Jesse Puljujarvi.
15:47 of 2nd period - Slapshot by Scott Wilson.
15:47 of 2nd period - Stopped by Mackenzie Blackwood with a rebound.
15:49 of 2nd period - Slapshot by Derrick Pouliot.
15:49 of 2nd period - Shot Misses the Net.
15:51 of 2nd period - Snap shot by Gabriel Bourque.
15:51 of 2nd period - Shot Blocked by Justin Holl.
15:53 of 2nd period - Slapshot by Derrick Pouliot.
15:53 of 2nd period - Shot Blocked by Jesse Puljujarvi.
16:10 of 2nd period - Off-side.
16:11 of 2nd period - Kyle Rau wins face-off versus Jacob De La Rose in neutral zone.
16:14 of 2nd period - Wrist shot by Nikita Scherbak.
16:14 of 2nd period - Stopped by Ville Husso without a rebound.
16:15 of 2nd period - Kyle Rau wins face-off versus Jacob De La Rose in Chicoutimi Sagueneens zone.
16:44 of 2nd period - Slapshot by Marcus Sorensen.
16:44 of 2nd period - Stopped by Ville Husso with a rebound.
16:50 of 2nd period - Slapshot by Jacob De La Rose.
16:50 of 2nd period - Shot Misses the Net.
17:00 of 2nd period - Wrist shot by Rocco Grimaldi.
17:00 of 2nd period - Stopped by Mackenzie Blackwood with a rebound.
17:02 of 2nd period - Wrist shot by Rocco Grimaldi.
17:02 of 2nd period - Stopped by Mackenzie Blackwood with a rebound.
17:04 of 2nd period - Slapshot by Jamie Oleksiak.
17:04 of 2nd period - Deflect By Jacob De La Rose.
17:04 of 2nd period - Stopped by Mackenzie Blackwood without a rebound.
17:05 of 2nd period - Laurent Dauphin wins face-off versus Noel Acciari in Grand Rapids Griffins zone.
18:01 of 2nd period - Snap shot by Zach Sill.
18:01 of 2nd period - Stopped by Mackenzie Blackwood with a rebound.
18:19 of 2nd period - Snap shot by Scott Wilson.
18:19 of 2nd period - Shot Misses the Net.
18:29 of 2nd period - Jacob De La Rose is hit by Markus Hannikainen and loses puck.
18:38 of 2nd period - Snap shot by Markus Hannikainen.
18:38 of 2nd period - Stopped by Ville Husso with a rebound.
18:40 of 2nd period - Slapshot by Andrew O'Brien.
18:40 of 2nd period - Shot Blocked by Iiro Pakarinen.
18:42 of 2nd period - Wrist shot by Andrew O'Brien.
18:42 of 2nd period - Shot Blocked by Jamie Oleksiak.
19:16 of 2nd period - Wrist shot by Stanislav Galiev.
19:16 of 2nd period - Deflect By Matt White.
19:16 of 2nd period - Shot Misses the Net.
19:16 of 2nd period - Puck is out of play.
19:17 of 2nd period - Laurent Dauphin wins face-off versus Jake DeBrusk in Grand Rapids Griffins zone.
19:28 of 2nd period - Chris Summers is hit by Reece Willcox and loses puck.
19:41 of 2nd period - Derrick Pouliot is hit by Kyle Rau and loses puck.
19:48 of 2nd period - Wrist shot by Markus Hannikainen.
19:48 of 2nd period - Stopped by Ville Husso without a rebound.
19:49 of 2nd period - Eric Cornel wins face-off versus Miikka Salomaki in Chicoutimi Sagueneens zone.
19:50 of 2nd period - Snap shot by Marcus Sorensen.
19:50 of 2nd period - Deflect By Daniel Carr.
19:50 of 2nd period - Stopped by Ville Husso with a rebound.
Goals for this period are 2 for Chicoutimi Sagueneens vs 0 for Grand Rapids Griffins.
Shots for this period are 12 for Chicoutimi Sagueneens vs 10 for Grand Rapids Griffins.

3rd period


0:01 of 3rd period - Jacob De La Rose wins face-off versus Noel Acciari in neutral zone.
0:08 of 3rd period - Slapshot by Jacob De La Rose.
0:08 of 3rd period - Stopped by Mackenzie Blackwood with a rebound.
0:10 of 3rd period - Snap shot by Iiro Pakarinen.
0:10 of 3rd period - Deflect By Rocco Grimaldi.
0:10 of 3rd period - Shot Misses the Net.
0:10 of 3rd period - Puck is out of play.
0:11 of 3rd period - Jacob De La Rose wins face-off versus Noel Acciari in Grand Rapids Griffins zone.
0:12 of 3rd period - Wrist shot by Rocco Grimaldi.
0:12 of 3rd period - Stopped by Mackenzie Blackwood with a rebound.
0:25 of 3rd period - Slapshot by Jesse Puljujarvi.
0:25 of 3rd period - Stopped by Ville Husso with a rebound.
0:27 of 3rd period - Wrist shot by Christian Djoos.
0:27 of 3rd period - Shot Misses the Net.
0:52 of 3rd period - Jacob De La Rose is hit by Daniel Carr and loses puck.
1:00 of 3rd period - Icing by Iiro Pakarinen.
1:01 of 3rd period - Jacob De La Rose wins face-off versus Kyle Rau in Chicoutimi Sagueneens zone.
1:10 of 3rd period - Snap shot by Gabriel Bourque.
1:10 of 3rd period - Stopped by Mackenzie Blackwood without a rebound.
1:11 of 3rd period - Noel Acciari wins face-off versus Laurent Dauphin in Grand Rapids Griffins zone.
1:45 of 3rd period - Wrist shot by Stanislav Galiev.
1:45 of 3rd period - Deflect By Matt White.
1:45 of 3rd period - Stopped by Mackenzie Blackwood without a rebound.
1:46 of 3rd period - Noel Acciari wins face-off versus Jacob De La Rose in Grand Rapids Griffins zone.
2:12 of 3rd period - Slater Koekkoek is hit by Scott Wilson and loses puck.
2:19 of 3rd period - Snap shot by Kyle Rau.
2:19 of 3rd period - Stopped by Ville Husso without a rebound.
2:20 of 3rd period - Noel Acciari wins face-off versus Laurent Dauphin in Chicoutimi Sagueneens zone.
2:21 of 3rd period - Wrist shot by Jesse Puljujarvi.
2:21 of 3rd period - Shot Misses the Net.
2:28 of 3rd period - Icing by Gabriel Bourque.
2:29 of 3rd period - Scott Wilson wins face-off versus Noel Acciari in Chicoutimi Sagueneens zone.
2:43 of 3rd period - Wrist shot by Jesse Puljujarvi.
2:43 of 3rd period - Goal by Jesse Puljujarvi - Chicoutimi Sagueneens : 2 - Grand Rapids Griffins : 4.
2:44 of 3rd period - Jacob De La Rose wins face-off versus Noel Acciari in neutral zone.
2:53 of 3rd period - Wrist shot by Jacob De La Rose.
2:53 of 3rd period - Shot Misses the Net.
2:55 of 3rd period - Slapshot by Iiro Pakarinen.
2:55 of 3rd period - Shot Blocked by Christian Djoos.
2:57 of 3rd period - Backhand shot by Matt Bartkowski.
2:57 of 3rd period - Stopped by Mackenzie Blackwood without a rebound.
2:58 of 3rd period - Jacob De La Rose wins face-off versus Noel Acciari in Grand Rapids Griffins zone.
3:23 of 3rd period - Christian Djoos is hit by Laurent Dauphin and loses puck.
3:27 of 3rd period - Icing by Christian Djoos.
3:28 of 3rd period - Laurent Dauphin wins face-off versus Markus Hannikainen in Grand Rapids Griffins zone.
4:07 of 3rd period - Snap shot by Nikita Scherbak.
4:07 of 3rd period - Shot Misses the Net.
4:09 of 3rd period - Snap shot by Markus Hannikainen.
4:09 of 3rd period - Shot Misses the Net.
4:11 of 3rd period - Slapshot by Slater Koekkoek.
4:11 of 3rd period - Shot Blocked by Derrick Pouliot.
4:13 of 3rd period - Snap shot by Kyle Rau.
4:13 of 3rd period - Stopped by Ville Husso without a rebound.
4:14 of 3rd period - Noel Acciari wins face-off versus Jacob De La Rose in Chicoutimi Sagueneens zone.
4:23 of 3rd period - Wrist shot by Jake DeBrusk.
4:23 of 3rd period - Shot Misses the Net.
4:25 of 3rd period - Slapshot by Andrew O'Brien.
4:25 of 3rd period - Stopped by Ville Husso with a rebound.
4:41 of 3rd period - Eric Cornel is hit by Matt White.
4:45 of 3rd period - Slapshot by Matt White.
4:45 of 3rd period - Stopped by Mackenzie Blackwood with a rebound.
4:49 of 3rd period - Wrist shot by Stanislav Galiev.
4:49 of 3rd period - Shot Blocked by Reece Willcox.
5:05 of 3rd period - Mario Lucia is hit by Mike Brown and loses puck.
5:30 of 3rd period - Jake DeBrusk is hit by Laurent Dauphin and loses puck.
5:51 of 3rd period - Christian Djoos is hit by Jamie Oleksiak and loses puck.
6:02 of 3rd period - Stanislav Galiev is hit by Eric Cornel.
6:19 of 3rd period - Minor Penalty to Miikka Salomaki for Hooking.
6:20 of 3rd period - Jesse Puljujarvi wins face-off versus Jacob De La Rose in Chicoutimi Sagueneens zone.
6:29 of 3rd period - Off-side.
6:30 of 3rd period - Noel Acciari wins face-off versus Jacob De La Rose in neutral zone.
6:53 of 3rd period - Slapshot by Christian Djoos.
6:53 of 3rd period - Shot Blocked by Derrick Pouliot.
6:55 of 3rd period - Slapshot by Slater Koekkoek.
6:55 of 3rd period - Shot Blocked by Derrick Pouliot.
6:57 of 3rd period - Slapshot by Christian Djoos.
6:57 of 3rd period - Goal by Christian Djoos - Chicoutimi Sagueneens : 2 - Grand Rapids Griffins : 5.
6:58 of 3rd period - Noel Acciari wins face-off versus Jacob De La Rose in neutral zone.
7:11 of 3rd period - Wrist shot by Iiro Pakarinen.
7:11 of 3rd period - Stopped by Mackenzie Blackwood without a rebound.
7:12 of 3rd period - Jacob De La Rose wins face-off versus Noel Acciari in Grand Rapids Griffins zone.
7:37 of 3rd period - Iiro Pakarinen is hit by Daniel Carr and loses puck.
7:50 of 3rd period - Snap shot by Marcus Sorensen.
7:50 of 3rd period - Shot Misses the Net.
8:26 of 3rd period - Reece Willcox is hit by Matt White and loses puck.
8:31 of 3rd period - Wrist shot by Matt White.
8:31 of 3rd period - Deflect By Miikka Salomaki.
8:31 of 3rd period - Shot Misses the Net.
8:31 of 3rd period - Puck is out of play.
8:32 of 3rd period - Kyle Rau wins face-off versus Laurent Dauphin in Grand Rapids Griffins zone.
8:32 of 3rd period - Kyle Rau is hit by Chris Summers.
8:35 of 3rd period - Christian Djoos is hit by Gabriel Bourque and loses puck.
8:42 of 3rd period - Snap shot by Markus Hannikainen.
8:42 of 3rd period - Shot Blocked by Chris Summers.
8:44 of 3rd period - Snap shot by Slater Koekkoek.
8:44 of 3rd period - Stopped by Ville Husso with a rebound.
8:46 of 3rd period - Wrist shot by Kyle Rau.
8:46 of 3rd period - Stopped by Ville Husso with a rebound.
8:58 of 3rd period - Jake DeBrusk is hit by Matt White and loses puck.
9:03 of 3rd period - Wrist shot by Stanislav Galiev.
9:03 of 3rd period - Stopped by Mackenzie Blackwood with a rebound.
9:51 of 3rd period - Wrist shot by Kyle Rau.
9:51 of 3rd period - Shot Misses the Net.
9:53 of 3rd period - Snap shot by Kyle Rau.
9:53 of 3rd period - Deflect By Markus Hannikainen.
9:53 of 3rd period - Shot Misses the Net.
9:53 of 3rd period - Puck is out of play.
9:54 of 3rd period - Laurent Dauphin wins face-off versus Noel Acciari in Chicoutimi Sagueneens zone.
10:02 of 3rd period - Icing by Derrick Pouliot.
10:03 of 3rd period - Laurent Dauphin wins face-off versus Noel Acciari in Chicoutimi Sagueneens zone.
10:13 of 3rd period - Off-side.
10:14 of 3rd period - Jacob De La Rose wins face-off versus Noel Acciari in neutral zone.
10:21 of 3rd period - Wrist shot by Jacob De La Rose.
10:21 of 3rd period - Shot Misses the Net.
10:25 of 3rd period - Snap shot by Rocco Grimaldi.
10:25 of 3rd period - Stopped by Mackenzie Blackwood without a rebound.
10:26 of 3rd period - Jacob De La Rose wins face-off versus Noel Acciari in Grand Rapids Griffins zone.
10:41 of 3rd period - Wrist shot by Jesse Puljujarvi.
10:41 of 3rd period - Stopped by Ville Husso without a rebound.
10:42 of 3rd period - Kyle Rau wins face-off versus Laurent Dauphin in Chicoutimi Sagueneens zone.
10:51 of 3rd period - Snap shot by Gabriel Bourque.
10:51 of 3rd period - Stopped by Mackenzie Blackwood with a rebound.
10:53 of 3rd period - Slapshot by Matt Bartkowski.
10:53 of 3rd period - Deflect By Gabriel Bourque.
10:53 of 3rd period - Shot Blocked by Nikita Scherbak.
10:53 of 3rd period - Puck is out of play.
10:54 of 3rd period - Noel Acciari wins face-off versus Jacob De La Rose in Grand Rapids Griffins zone.
10:54 of 3rd period - Noel Acciari is hit by Jacob De La Rose.
10:59 of 3rd period - Christian Djoos is hit by Jacob De La Rose and loses puck.
11:10 of 3rd period - Snap shot by Noel Acciari.
11:10 of 3rd period - Stopped by Ville Husso with a rebound.
11:25 of 3rd period - Snap shot by Justin Holl.
11:25 of 3rd period - Deflect By Scott Wilson.
11:25 of 3rd period - Stopped by Ville Husso without a rebound.
11:26 of 3rd period - Kyle Rau wins face-off versus Laurent Dauphin in Chicoutimi Sagueneens zone.
11:27 of 3rd period - Slapshot by Nikita Scherbak.
11:27 of 3rd period - Stopped by Ville Husso without a rebound.
11:28 of 3rd period - Kyle Rau wins face-off versus Jacob De La Rose in Chicoutimi Sagueneens zone.
13:29 of 3rd period - Snap shot by Stanislav Galiev.
13:29 of 3rd period - Stopped by Mackenzie Blackwood without a rebound.
13:30 of 3rd period - Matt White wins face-off versus Kyle Rau in Grand Rapids Griffins zone.
14:59 of 3rd period - Minor Penalty to Miikka Salomaki for Boarding.
15:00 of 3rd period - Jacob De La Rose wins face-off versus Noel Acciari in Chicoutimi Sagueneens zone.
15:00 of 3rd period - Jacob De La Rose is hit by Jake DeBrusk.
16:21 of 3rd period - Kyle Rau is hit by Iiro Pakarinen and loses puck.
16:59 of 3rd period - Penalty to Miikka Salomaki is over, Miikka Salomaki is back on ice.
17:00 of 3rd period - Snap shot by Marcus Sorensen.
17:00 of 3rd period - Shot Blocked by Zach Sill.
17:06 of 3rd period - Wrist shot by Marcus Sorensen.
17:06 of 3rd period - Stopped by Ville Husso without a rebound.
17:07 of 3rd period - Jacob De La Rose wins face-off versus Eric Cornel in Chicoutimi Sagueneens zone.
17:07 of 3rd period - Jacob De La Rose is hit by Marcus Sorensen.
17:31 of 3rd period - Backhand shot by Tomas Jurco.
17:31 of 3rd period - Stopped by Ville Husso with a rebound.
17:45 of 3rd period - Wrist shot by Jacob De La Rose.
17:45 of 3rd period - Shot Misses the Net.
17:47 of 3rd period - Snap shot by Alex Lintuniemi.
17:47 of 3rd period - Shot Blocked by Reece Willcox.
17:49 of 3rd period - Wrist shot by Rocco Grimaldi.
17:49 of 3rd period - Chicoutimi Sagueneens goal is going for a video replay.
17:49 of 3rd period - The goal is good.
17:49 of 3rd period - Goal by Rocco Grimaldi - Chicoutimi Sagueneens : 3 - Grand Rapids Griffins : 5.
17:50 of 3rd period - Noel Acciari wins face-off versus Matt White in neutral zone.
18:27 of 3rd period - Slapshot by Laurent Dauphin.
18:27 of 3rd period - Stopped by Mackenzie Blackwood with a rebound.
18:56 of 3rd period - Snap shot by Jesse Puljujarvi.
18:56 of 3rd period - Stopped by Ville Husso with a rebound.
19:24 of 3rd period - Wrist shot by Marcus Sorensen.
19:24 of 3rd period - Stopped by Ville Husso without a rebound.
19:25 of 3rd period - Max Gortz wins face-off versus Matt White in Chicoutimi Sagueneens zone.
19:33 of 3rd period - Minor Penalty to Stanislav Galiev for Tripping.
19:34 of 3rd period - Noel Acciari wins face-off versus Jacob De La Rose in Chicoutimi Sagueneens zone.
19:44 of 3rd period - Snap shot by Laurent Dauphin.
19:44 of 3rd period - Shot Misses the Net.
19:46 of 3rd period - Snap shot by Jamie Oleksiak.
19:46 of 3rd period - Shot Misses the Net.
19:48 of 3rd period - Wrist shot by Laurent Dauphin.
19:48 of 3rd period - Shot Blocked by Christian Djoos.
19:50 of 3rd period - Slapshot by Matt Bartkowski.
19:50 of 3rd period - Shot Misses the Net.
Goals for this period are 1 for Chicoutimi Sagueneens vs 2 for Grand Rapids Griffins.
Shots for this period are 13 for Chicoutimi Sagueneens vs 16 for Grand Rapids Griffins.